Islanders vs Stars

Created - 6 décembre 2020 at 20:38

Goals
1 2 3 OT1 SO T
Islanders 1 1 1 0 1 4
Stars 1 1 1 0 0 3
Shots
1 2 3 OT1 SO T
Islanders 4 15 8 3 5 30
Stars 9 21 17 0 5 47

1st period

1. Islanders , Timo Meier 8 (Anthony Cirelli 9, Andrei Svechnikov 13) at 8:54
2. Stars , Teddy Blueger 2 (Sami Vatanen 3, Zach Aston-Reese 2) at 18:19

Penalties :
Elias Pettersson (NYI) for Hooking (Minor) at 0:58, Josh Leivo (DAL) for Interference (Minor) at 3:02, Darnell Nurse (DAL) for Fighting (Major) at 10:16, Brad Marchand (NYI) for Fighting (Major) at 10:16, Nick Holden (NYI) for Tripping (Minor) at 15:55

2nd period

3. Stars , John Klingberg 5 (Mattias Ekholm 13, William Karlsson 11) at 2:15 (PP)
4. Islanders , Richard Panik 2 (Jordan Greenway 1, Colton Sceviour 2) at 11:38

Penalties :
Nick Holden (NYI) for Hooking (Minor) at 1:46, Nick Holden (NYI) for Hooking (Minor) at 11:59, Andrei Svechnikov (NYI) for Tripping (Minor) at 16:38

3rd period

5. Stars , Sidney Crosby 9 (Duncan Keith 10) at 0:26
6. Islanders , Richard Panik 3 (Travis Dermott 3, Jordan Greenway 2) at 12:39

Penalties :
No Penalty

Overtime #1

No Goal

Penalties :
No Penalty

Shootout

Islanders, Brad Marchand - Stopped by Darcy Kuemper
Stars, Sidney Crosby - Stopped by Mikko Koskinen
Islanders, Elias Pettersson - Shot Misses the Net
Stars, Teddy Blueger - Stopped by Mikko Koskinen
Islanders, Anthony Cirelli - Stopped by Darcy Kuemper
Stars, William Karlsson - Stopped by Mikko Koskinen
Islanders, Joe Pavelski - Stopped by Darcy Kuemper
Stars, Darnell Nurse - Shot Misses the Net
Islanders, Andrei Svechnikov - Goal!
Stars, Sami Vatanen - Shot Misses the Net

Penalties :
No Penalty

Goalie Stats

Mikko Koskinen (NYI), 44 saves from 47 shots - (0,936), W, 8-13-1, 65:00 minutes
Darcy Kuemper (DAL), 27 saves from 30 shots - (0,900), OTL, 11-2-3, 65:00 minutes

Players Stats for Islanders

Player Name              G  A  P  +/- PIM S  H  SB GA TA FO     MP     PP MP  PK MP  
------------------------------------------------------------------------------------
Andrei Svechnikov        0  1  1   1  2   4  3  0  0  0  0/2    17:15   1:12   0:00 
Anthony Cirelli          0  1  1   1  0   3  0  0  0  0  13/25  20:28   1:12   2:57 
Anthony DeAngelo         0  0  0   0  0   1  2  2  0  0  0/0    21:22   0:47   3:40 
Brad Marchand            0  0  0  -1  5   1  1  1  0  0  2/7    23:51   0:47   4:59 
Brock McGinn             0  0  0   0  0   1  2  0  0  0  1/1     5:46   0:00   0:00 
Colton Sceviour          0  1  1   1  0   2  0  1  0  0  3/12   13:07   0:00   0:00 
Dennis Cholowski         0  0  0   1  0   0  0  1  0  0  0/0    14:38   0:00   0:08 
Elias Pettersson         0  0  0  -1  2   4  1  0  0  0  8/32   24:21   0:47   4:22 
Joe Pavelski             0  0  0  -1  0   3  0  0  0  0  0/1    21:55   0:47   2:31 
Jordan Greenway          0  2  2   1  0   1  1  0  0  0  0/0    12:00   0:00   0:00 
Neal Pionk               0  0  0   0  0   1  2  1  0  0  0/0    27:14   1:12   4:45 
Nick Holden              0  0  0  -1  6   0  2  3  0  0  0/0    19:09   0:47   1:49 
Nikita Gusev             0  0  0   0  0   1  0  0  0  0  0/0     6:52   0:00   1:06 
Richard Panik            2  0  2   1  0   2  1  0  0  0  0/0    12:00   0:00   0:00 
Sam Steel                0  0  0   0  0   0  0  0  0  0  4/7     6:41   0:00   0:55 
Timo Meier               1  0  1   1  0   5  1  1  0  0  0/3    17:16   1:12   0:00 
Travis Dermott           0  1  1   2  0   0  2  1  0  0  0/0    16:07   0:00   2:02 
Tyler Myers              0  0  0   0  0   1  1  3  0  0  0/0    26:27   1:12   4:26 

Players Stats for Stars

Player Name              G  A  P  +/- PIM S  H  SB GA TA FO     MP     PP MP  PK MP  
------------------------------------------------------------------------------------
Darnell Nurse            0  0  0  -1  5   3  3  2  0  0  0/0    24:38   3:37   1:00 
Derick Brassard          0  0  0  -1  0   2  1  0  0  0  8/12   10:55   0:00   0:00 
Duncan Keith             0  1  1  -1  0   4  0  2  0  0  0/0    25:37   3:37   1:00 
Evgenii Dadonov          0  0  0   0  0   4  0  0  0  0  0/1    18:21   3:22   0:00 
Ilya Mikheyev            0  0  0   1  0   2  0  0  0  0  1/1     7:42   0:00   1:14 
James van Riemsdyk       0  0  0  -1  0   5  0  0  0  0  0/0    10:21   0:00   0:00 
John Klingberg           1  0  1   0  0   6  2  2  0  0  0/0    22:21   4:48   0:56 
Jon Marchessault         0  0  0   0  0   1  1  0  0  0  1/2    21:59   5:03   0:00 
Josh Leivo               0  0  0  -1  2   1  0  0  0  0  0/1    10:20   0:00   0:00 
Mattias Ekholm           0  1  1   0  0   4  1  0  0  0  0/0    25:15   4:16   0:59 
Nazem Kadri              0  0  0  -1  0   2  7  0  0  0  1/2    23:52   3:22   0:00 
Sami Vatanen             0  1  1   0  0   0  0  0  0  0  0/0    14:13   0:32   0:03 
Scott Mayfield           0  0  0   0  0   0  0  0  0  0  0/0    12:42   0:00   0:00 
Sidney Crosby            1  0  1  -1  0   2  0  0  0  0  23/32  25:24   5:03   0:00 
Teddy Blueger            1  0  1   1  0   5  1  0  0  0  5/7     7:29   0:00   1:14 
Tyler Toffoli            0  0  0  -1  0   3  0  0  0  0  2/3    23:47   5:03   0:00 
William Karlsson         0  1  1   0  0   1  1  0  0  0  18/26  21:03   3:22   0:45 
Zach Aston-Reese         0  1  1   1  0   2  0  0  0  0  0/3     7:00   0:00   0:45 

3 Stars

1 - Richard Panik (NYI)
2 - Mikko Koskinen (NYI)
3 - Timo Meier (NYI)

Power Play

Islanders - 0 on 1 Attempt(s) - 0,00%
Stars - 1 on 5 Attempt(s) - 20,00%

Penalty Kill

Islanders - 4 on 5 Attempt(s) - 80,00% - Score 0 goal in Penalty Kill
Stars - 1 on 1 Attempt(s) - 100,00% - Score 0 goal in Penalty Kill

Team Stat

Islanders - Hits : 19 - Faceoff Wins : 31 - Blocked Shots : 14 - Penalty Minutes : 15
Stars - Hits : 17 - Faceoff Wins : 59 - Blocked Shots : 6 - Penalty Minutes : 7

Official

Referees : Kenny Anderson and Dan O'Halloran
Linesman : David Brisebois and Matt Brady

Game Notes

Darnell Nurse beats up Brad Marchand at 10:16 of 1st period

Finance

Level 1 -- Attendance: 4463 (74,38%) -- Ticket Income 624 820 $
Level 2 -- Attendance: 3332 (66,64%) -- Ticket Income 373 184 $
Level 3 -- Attendance: 1927 (96,35%) -- Ticket Income 200 408 $
Level 4 -- Attendance: 2774 (61,21%) -- Ticket Income 97 090 $
Luxury Box -- Attendance: 806 (80,60%) -- Ticket Income 207 948 $
Game was played at the American Airlines Center.
Total Attendance: 13302 (71,78%)
Total Ticket Income: 1 503 450 $
Other Income: 736 690 $
Total Income: 2 240 140 $

% Time on Ice - Islanders

Lines # - Real PCT - Wanted PCT - Time Play
Normal Forward
1 - 34% - 40% - 17:04
2 - 30% - 30% - 14:46
3 - 24% - 20% - 12:00
4 - 12% - 10% - 5:46
Normal Defense
1 - 35% - 40% - 17:20
2 - 33% - 30% - 16:36
3 - 28% - 20% - 14:05
4 - 3% - 10% - 1:35
PP Forward
1 - 39% - 60% - 0:47
2 - 61% - 40% - 1:12
PP Defense
1 - 61% - 60% - 1:12
2 - 39% - 40% - 0:47
PK Forward
1 - 69% - 60% - 5:50
2 - 31% - 40% - 2:35
PK Defense
1 - 55% - 60% - 4:37
2 - 45% - 40% - 3:48
PK3 Forward
1 - 0% - 60%
2 - 0% - 40%
PK3 Defense
1 - 0% - 60%
2 - 0% - 40%
44 Forward
1 - 0% - 60%
2 - 0% - 40%
44 Defense
1 - 0% - 60%
2 - 0% - 40%
Last Minute Offensive  - 0:00
Last Minute Defensive  - 0:00
Total
Forward - 60:00
Defense - 60:00

% Time on Ice - Stars

Lines # - Real PCT - Wanted PCT - Time Play
Normal Forward
1 - 36% - 40% - 18:01
2 - 30% - 30% - 14:59
3 - 21% - 20% - 10:21
4 - 13% - 10% - 6:15
Normal Defense
1 - 37% - 40% - 18:16
2 - 34% - 30% - 16:37
3 - 25% - 20% - 12:29
4 - 5% - 10% - 2:14
PP Forward
1 - 60% - 60% - 5:03
2 - 40% - 40% - 3:22
PP Defense
1 - 57% - 60% - 4:48
2 - 43% - 40% - 3:37
PK Forward
1 - 62% - 60% - 1:14
2 - 38% - 40% - 0:45
PK Defense
1 - 50% - 60% - 0:59
2 - 50% - 40% - 1:00
PK3 Forward
1 - 0% - 60%
2 - 0% - 40%
PK3 Defense
1 - 0% - 60%
2 - 0% - 40%
44 Forward
1 - 0% - 60%
2 - 0% - 40%
44 Defense
1 - 0% - 60%
2 - 0% - 40%
Last Minute Offensive  - 0:00
Last Minute Defensive  - 0:00
Total
Forward - 60:00
Defense - 60:00

Play-by-Play

1st period


0:01 of 1st period - Elias Pettersson wins face-off versus Tyler Toffoli in neutral zone.
0:14 of 1st period - Shot by Brad Marchand.
0:14 of 1st period - Shot Blocked by Duncan Keith.
0:29 of 1st period - Sidney Crosby is hit by Neal Pionk.
0:36 of 1st period - Nazem Kadri is hit by Neal Pionk and loses puck.
0:58 of 1st period - Minor Penalty to Elias Pettersson for Hooking.
0:59 of 1st period - William Karlsson wins face-off versus Sam Steel in Islanders zone.
1:06 of 1st period - Shot by Mattias Ekholm.
1:06 of 1st period - Stopped by Mikko Koskinen with a rebound.
1:08 of 1st period - Shot by John Klingberg.
1:08 of 1st period - Stopped by Mikko Koskinen without a rebound.
1:09 of 1st period - Jon Marchessault wins face-off versus Anthony Cirelli in Islanders zone.
2:02 of 1st period - Evgenii Dadonov is hit by Nick Holden and loses puck.
3:02 of 1st period - Minor Penalty to Josh Leivo for Interference.
3:03 of 1st period - Anthony Cirelli wins face-off versus Teddy Blueger in Stars zone.
3:43 of 1st period - Icing by Anthony DeAngelo.
3:44 of 1st period - William Karlsson wins face-off versus Elias Pettersson in Islanders zone.
5:22 of 1st period - Icing by Scott Mayfield.
5:23 of 1st period - Sidney Crosby wins face-off versus Sam Steel in Stars zone.
6:02 of 1st period - Sami Vatanen is hit by Brock McGinn and loses puck.
6:25 of 1st period - Icing by Colton Sceviour.
6:26 of 1st period - William Karlsson wins face-off versus Colton Sceviour in Islanders zone.
6:35 of 1st period - Shot by Jon Marchessault.
6:35 of 1st period - Shot Blocked by Nick Holden.
7:10 of 1st period - Anthony DeAngelo is hit by Darnell Nurse and loses puck.
7:43 of 1st period - Icing by James van Riemsdyk.
7:44 of 1st period - Derick Brassard wins face-off versus Anthony Cirelli in Stars zone.
7:44 of 1st period - Derick Brassard is hit by Andrei Svechnikov.
7:52 of 1st period - Tyler Myers is hit by Derick Brassard and loses puck.
7:59 of 1st period - Shot by James van Riemsdyk.
7:59 of 1st period - Stopped by Mikko Koskinen without a rebound.
8:00 of 1st period - Teddy Blueger wins face-off versus Elias Pettersson in Islanders zone.
8:07 of 1st period - Shot by Zach Aston-Reese.
8:07 of 1st period - Deflect By Teddy Blueger.
8:07 of 1st period - Stopped by Mikko Koskinen with a rebound.
8:17 of 1st period - Shot by Zach Aston-Reese.
8:17 of 1st period - Shot Blocked by Dennis Cholowski.
8:19 of 1st period - Shot by Zach Aston-Reese.
8:19 of 1st period - Stopped by Mikko Koskinen without a rebound.
8:20 of 1st period - Anthony Cirelli wins face-off versus Sidney Crosby in Islanders zone.
8:54 of 1st period - Shot by Timo Meier.
8:54 of 1st period - Goal by Timo Meier - Islanders : 1 - Stars : 0.
8:55 of 1st period - William Karlsson wins face-off versus Elias Pettersson in neutral zone.
9:00 of 1st period - Shot by Mattias Ekholm.
9:00 of 1st period - Stopped by Mikko Koskinen without a rebound.
9:01 of 1st period - William Karlsson wins face-off versus Elias Pettersson in Islanders zone.
9:18 of 1st period - Jon Marchessault is hit by Travis Dermott and loses puck.
9:23 of 1st period - Shot by William Karlsson.
9:23 of 1st period - Shot Blocked by Brad Marchand.
9:33 of 1st period - Shot by Evgenii Dadonov.
9:33 of 1st period - Stopped by Mikko Koskinen with a rebound.
10:01 of 1st period - Shot by James van Riemsdyk.
10:01 of 1st period - Shot Misses the Net.
10:03 of 1st period - Shot by Duncan Keith.
10:03 of 1st period - Shot Misses the Net.
10:05 of 1st period - Shot by Josh Leivo.
10:05 of 1st period - Shot Misses the Net.
10:07 of 1st period - Shot by Duncan Keith.
10:07 of 1st period - Shot Misses the Net.
10:15 of 1st period - Shot by Derick Brassard.
10:15 of 1st period - Shot Misses the Net.
10:16 of 1st period - Darnell Nurse beats up Brad Marchand.
10:16 of 1st period - Penalty to Darnell Nurse for Fighting.
10:16 of 1st period - Penalty to Brad Marchand for Fighting.
10:17 of 1st period - Anthony Cirelli wins face-off versus Sidney Crosby in Islanders zone.
10:24 of 1st period - Shot by Timo Meier.
10:24 of 1st period - Shot Misses the Net.
10:31 of 1st period - Neal Pionk is hit by Nazem Kadri and loses puck.
11:38 of 1st period - Sam Steel is hit by Mattias Ekholm and loses puck.
11:50 of 1st period - Icing by Duncan Keith.
11:51 of 1st period - Colton Sceviour wins face-off versus William Karlsson in Stars zone.
12:08 of 1st period - Shot by Colton Sceviour.
12:08 of 1st period - Stopped by Darcy Kuemper without a rebound.
12:09 of 1st period - Derick Brassard wins face-off versus Elias Pettersson in Stars zone.
12:14 of 1st period - Shot by John Klingberg.
12:14 of 1st period - Stopped by Mikko Koskinen without a rebound.
12:15 of 1st period - Derick Brassard wins face-off versus Anthony Cirelli in Islanders zone.
12:26 of 1st period - Shot by Anthony Cirelli.
12:26 of 1st period - Stopped by Darcy Kuemper without a rebound.
12:27 of 1st period - Elias Pettersson wins face-off versus Jon Marchessault in Stars zone.
12:28 of 1st period - Shot by Anthony DeAngelo.
12:28 of 1st period - Shot Misses the Net.
12:52 of 1st period - Sami Vatanen is hit by Elias Pettersson and loses puck.
13:51 of 1st period - Shot by Anthony Cirelli.
13:51 of 1st period - Shot Misses the Net.
14:05 of 1st period - Shot by Timo Meier.
14:05 of 1st period - Deflect By Andrei Svechnikov.
14:05 of 1st period - Shot Misses the Net.
14:32 of 1st period - Shot by Travis Dermott.
14:32 of 1st period - Shot Misses the Net.
14:34 of 1st period - Shot by Brock McGinn.
14:34 of 1st period - Shot Misses the Net.
14:36 of 1st period - Shot by Brock McGinn.
14:36 of 1st period - Stopped by Darcy Kuemper without a rebound.
14:37 of 1st period - Teddy Blueger wins face-off versus Colton Sceviour in Stars zone.
15:28 of 1st period - Off-side.
15:29 of 1st period - Elias Pettersson wins face-off versus Derick Brassard in neutral zone.
15:55 of 1st period - Minor Penalty to Nick Holden for Tripping.
15:56 of 1st period - Sidney Crosby wins face-off versus Brad Marchand in Islanders zone.
16:07 of 1st period - Shot by Jon Marchessault.
16:07 of 1st period - Shot Blocked by Tyler Myers.
18:15 of 1st period - Shot by Zach Aston-Reese.
18:15 of 1st period - Shot Misses the Net.
18:19 of 1st period - Shot by Teddy Blueger.
18:19 of 1st period - Goal by Teddy Blueger - Islanders : 1 - Stars : 1.
18:20 of 1st period - Sam Steel wins face-off versus Derick Brassard in neutral zone.
18:38 of 1st period - Icing by Darnell Nurse.
18:39 of 1st period - Derick Brassard wins face-off versus Anthony Cirelli in Stars zone.
19:10 of 1st period - Andrei Svechnikov is hit by John Klingberg and loses puck.
Goals for this period are 1 for Islanders vs 1 for Stars.
Shots for this period are 4 for Islanders vs 9 for Stars.

2nd period


0:01 of 2nd period - Sidney Crosby wins face-off versus Elias Pettersson in neutral zone.
0:04 of 2nd period - Tyler Myers is hit by Nazem Kadri and loses puck.
0:56 of 2nd period - Duncan Keith is hit by Nick Holden and loses puck.
1:46 of 2nd period - Minor Penalty to Nick Holden for Hooking.
1:47 of 2nd period - Sidney Crosby wins face-off versus Brad Marchand in Islanders zone.
2:09 of 2nd period - Shot by Darnell Nurse.
2:09 of 2nd period - Shot Misses the Net.
2:11 of 2nd period - Shot by Darnell Nurse.
2:11 of 2nd period - Stopped by Mikko Koskinen without a rebound.
2:12 of 2nd period - William Karlsson wins face-off versus Brad Marchand in Islanders zone.
2:15 of 2nd period - Shot by John Klingberg.
2:15 of 2nd period - Goal by John Klingberg - Islanders : 1 - Stars : 2.
2:16 of 2nd period - Derick Brassard wins face-off versus Colton Sceviour in neutral zone.
3:22 of 2nd period - Shot by John Klingberg.
3:22 of 2nd period - Stopped by Mikko Koskinen with a rebound.
3:24 of 2nd period - Shot by Teddy Blueger.
3:24 of 2nd period - Stopped by Mikko Koskinen without a rebound.
3:25 of 2nd period - Sidney Crosby wins face-off versus Elias Pettersson in Islanders zone.
3:34 of 2nd period - Shot by Elias Pettersson.
3:34 of 2nd period - Shot Misses the Net.
3:36 of 2nd period - Shot by Brad Marchand.
3:36 of 2nd period - Deflect By Joe Pavelski.
3:36 of 2nd period - Stopped by Darcy Kuemper with a rebound.
3:45 of 2nd period - Shot by Brad Marchand.
3:45 of 2nd period - Stopped by Darcy Kuemper without a rebound.
3:46 of 2nd period - William Karlsson wins face-off versus Anthony Cirelli in Stars zone.
3:46 of 2nd period - William Karlsson is hit by Timo Meier.
5:58 of 2nd period - Shot by Jordan Greenway.
5:58 of 2nd period - Stopped by Darcy Kuemper with a rebound.
6:00 of 2nd period - Shot by Dennis Cholowski.
6:00 of 2nd period - Deflect By Colton Sceviour.
6:00 of 2nd period - Stopped by Darcy Kuemper without a rebound.
6:01 of 2nd period - Anthony Cirelli wins face-off versus Teddy Blueger in Stars zone.
6:04 of 2nd period - Shot by Andrei Svechnikov.
6:04 of 2nd period - Stopped by Darcy Kuemper with a rebound.
6:18 of 2nd period - Shot by Andrei Svechnikov.
6:18 of 2nd period - Shot Misses the Net.
6:30 of 2nd period - Shot by Zach Aston-Reese.
6:30 of 2nd period - Stopped by Mikko Koskinen with a rebound.
6:33 of 2nd period - Icing by Anthony Cirelli.
6:34 of 2nd period - Anthony Cirelli wins face-off versus William Karlsson in Islanders zone.
7:04 of 2nd period - Shot by Brad Marchand.
7:04 of 2nd period - Shot Misses the Net.
7:06 of 2nd period - Shot by Anthony DeAngelo.
7:06 of 2nd period - Shot Misses the Net.
7:28 of 2nd period - Shot by Elias Pettersson.
7:28 of 2nd period - Shot Misses the Net.
7:30 of 2nd period - Shot by Joe Pavelski.
7:30 of 2nd period - Shot Misses the Net.
7:32 of 2nd period - Shot by Elias Pettersson.
7:32 of 2nd period - Shot Misses the Net.
7:34 of 2nd period - Shot by Anthony DeAngelo.
7:34 of 2nd period - Stopped by Darcy Kuemper with a rebound.
8:15 of 2nd period - Brock McGinn is hit by Nazem Kadri and loses puck.
8:48 of 2nd period - John Klingberg is hit by Jordan Greenway.
9:20 of 2nd period - Shot by Andrei Svechnikov.
9:20 of 2nd period - Stopped by Darcy Kuemper without a rebound.
9:21 of 2nd period - Elias Pettersson wins face-off versus Zach Aston-Reese in Stars zone.
9:21 of 2nd period - Brad Marchand is hit by Darnell Nurse and loses puck.
9:30 of 2nd period - Shot by Elias Pettersson.
9:30 of 2nd period - Stopped by Darcy Kuemper without a rebound.
9:31 of 2nd period - Teddy Blueger wins face-off versus Anthony Cirelli in Stars zone.
9:45 of 2nd period - Shot by Ilya Mikheyev.
9:45 of 2nd period - Stopped by Mikko Koskinen without a rebound.
9:46 of 2nd period - Sidney Crosby wins face-off versus Elias Pettersson in Islanders zone.
10:11 of 2nd period - Brad Marchand is hit by Nazem Kadri and loses puck.
10:51 of 2nd period - Neal Pionk is hit by Darnell Nurse and loses puck.
11:22 of 2nd period - Shot by Andrei Svechnikov.
11:22 of 2nd period - Stopped by Darcy Kuemper without a rebound.
11:23 of 2nd period - Colton Sceviour wins face-off versus Derick Brassard in Stars zone.
11:38 of 2nd period - Shot by Richard Panik.
11:38 of 2nd period - Goal by Richard Panik - Islanders : 2 - Stars : 2.
11:39 of 2nd period - Teddy Blueger wins face-off versus Sam Steel in neutral zone.
11:39 of 2nd period - Teddy Blueger is hit by Brock McGinn.
11:43 of 2nd period - Shot by John Klingberg.
11:43 of 2nd period - Shot Misses the Net.
11:59 of 2nd period - Shot by Teddy Blueger.
11:59 of 2nd period - Stopped by Mikko Koskinen without a rebound.
11:59 of 2nd period - Minor Penalty to Nick Holden for Hooking.
12:00 of 2nd period - Sidney Crosby wins face-off versus Brad Marchand in Islanders zone.
12:03 of 2nd period - Shot by Duncan Keith.
12:03 of 2nd period - Stopped by Mikko Koskinen without a rebound.
12:04 of 2nd period - Sidney Crosby wins face-off versus Brad Marchand in Islanders zone.
12:41 of 2nd period - Shot by John Klingberg.
12:41 of 2nd period - Stopped by Mikko Koskinen without a rebound.
12:42 of 2nd period - Anthony Cirelli wins face-off versus Nazem Kadri in Islanders zone.
12:52 of 2nd period - Shot by Duncan Keith.
12:52 of 2nd period - Stopped by Mikko Koskinen with a rebound.
12:54 of 2nd period - Shot by Duncan Keith.
12:54 of 2nd period - Shot Misses the Net.
12:56 of 2nd period - Shot by Darnell Nurse.
12:56 of 2nd period - Shot Blocked by Travis Dermott.
12:58 of 2nd period - Shot by Duncan Keith.
12:58 of 2nd period - Shot Misses the Net.
13:00 of 2nd period - Shot by Evgenii Dadonov.
13:00 of 2nd period - Stopped by Mikko Koskinen with a rebound.
13:04 of 2nd period - Shot by William Karlsson.
13:04 of 2nd period - Deflect By Evgenii Dadonov.
13:04 of 2nd period - Shot Misses the Net.
13:08 of 2nd period - Shot by Darnell Nurse.
13:08 of 2nd period - Stopped by Mikko Koskinen without a rebound.
13:09 of 2nd period - Brad Marchand wins face-off versus Sidney Crosby in Islanders zone.
14:43 of 2nd period - Icing by Richard Panik.
14:44 of 2nd period - Ilya Mikheyev wins face-off versus Colton Sceviour in Islanders zone.
15:07 of 2nd period - Anthony DeAngelo is hit by Teddy Blueger and loses puck.
15:30 of 2nd period - Shot by Timo Meier.
15:30 of 2nd period - Stopped by Darcy Kuemper without a rebound.
15:31 of 2nd period - Sidney Crosby wins face-off versus Elias Pettersson in Stars zone.
15:31 of 2nd period - Mattias Ekholm is hit by Brad Marchand and loses puck.
15:52 of 2nd period - Shot by Nazem Kadri.
15:52 of 2nd period - Stopped by Mikko Koskinen without a rebound.
15:53 of 2nd period - Brock McGinn wins face-off versus William Karlsson in Islanders zone.
16:21 of 2nd period - Shot by Evgenii Dadonov.
16:21 of 2nd period - Stopped by Mikko Koskinen without a rebound.
16:22 of 2nd period - Sidney Crosby wins face-off versus Elias Pettersson in Islanders zone.
16:23 of 2nd period - Shot by Tyler Toffoli.
16:23 of 2nd period - Shot Misses the Net.
16:26 of 2nd period - Icing by Tyler Myers.
16:27 of 2nd period - Elias Pettersson wins face-off versus Sidney Crosby in Islanders zone.
16:27 of 2nd period - Elias Pettersson is hit by Nazem Kadri.
16:35 of 2nd period - Shot by Joe Pavelski.
16:35 of 2nd period - Shot Hit the Post.
16:37 of 2nd period - Shot by Tyler Myers.
16:37 of 2nd period - Stopped by Darcy Kuemper without a rebound.
16:38 of 2nd period - William Karlsson wins face-off versus Anthony Cirelli in Stars zone.
16:38 of 2nd period - Minor Penalty to Andrei Svechnikov for Tripping.
16:39 of 2nd period - Brad Marchand wins face-off versus Sidney Crosby in Islanders zone.
17:41 of 2nd period - Shot by Duncan Keith.
17:41 of 2nd period - Stopped by Mikko Koskinen with a rebound.
17:43 of 2nd period - Shot by Duncan Keith.
17:43 of 2nd period - Deflect By Nazem Kadri.
17:43 of 2nd period - Shot Misses the Net.
17:55 of 2nd period - Shot by Evgenii Dadonov.
17:55 of 2nd period - Deflect By William Karlsson.
17:55 of 2nd period - Shot Misses the Net.
17:57 of 2nd period - Shot by Darnell Nurse.
17:57 of 2nd period - Shot Misses the Net.
17:59 of 2nd period - Shot by William Karlsson.
17:59 of 2nd period - Stopped by Mikko Koskinen without a rebound.
18:00 of 2nd period - Sidney Crosby wins face-off versus Anthony Cirelli in Islanders zone.
18:07 of 2nd period - Shot by Mattias Ekholm.
18:07 of 2nd period - Stopped by Mikko Koskinen with a rebound.
18:09 of 2nd period - Shot by Sidney Crosby.
18:09 of 2nd period - Shot Misses the Net.
18:11 of 2nd period - Shot by Tyler Toffoli.
18:11 of 2nd period - Shot Blocked by Anthony DeAngelo.
18:13 of 2nd period - Shot by John Klingberg.
18:13 of 2nd period - Shot Blocked by Nick Holden.
18:15 of 2nd period - Shot by Jon Marchessault.
18:15 of 2nd period - Shot Misses the Net.
18:17 of 2nd period - Shot by John Klingberg.
18:17 of 2nd period - Stopped by Mikko Koskinen without a rebound.
18:18 of 2nd period - William Karlsson wins face-off versus Anthony Cirelli in Islanders zone.
18:21 of 2nd period - Shot by Darnell Nurse.
18:21 of 2nd period - Stopped by Mikko Koskinen without a rebound.
18:22 of 2nd period - Anthony Cirelli wins face-off versus William Karlsson in Islanders zone.
18:49 of 2nd period - Shot by James van Riemsdyk.
18:49 of 2nd period - Stopped by Mikko Koskinen with a rebound.
18:55 of 2nd period - Shot by James van Riemsdyk.
18:55 of 2nd period - Shot Misses the Net.
19:10 of 2nd period - Shot by James van Riemsdyk.
19:10 of 2nd period - Stopped by Mikko Koskinen without a rebound.
19:11 of 2nd period - Anthony Cirelli wins face-off versus Sidney Crosby in Islanders zone.
19:22 of 2nd period - Shot by Anthony Cirelli.
19:22 of 2nd period - Stopped by Darcy Kuemper without a rebound.
19:23 of 2nd period - Elias Pettersson wins face-off versus William Karlsson in Stars zone.
19:24 of 2nd period - Shot by Brad Marchand.
19:24 of 2nd period - Deflect By Joe Pavelski.
19:24 of 2nd period - Stopped by Darcy Kuemper with a rebound.
19:42 of 2nd period - Shot by Elias Pettersson.
19:42 of 2nd period - Stopped by Darcy Kuemper without a rebound.
19:43 of 2nd period - Sidney Crosby wins face-off versus Andrei Svechnikov in Stars zone.
19:57 of 2nd period - Shot by Nazem Kadri.
19:57 of 2nd period - Shot Blocked by Timo Meier.
Goals for this period are 1 for Islanders vs 1 for Stars.
Shots for this period are 15 for Islanders vs 21 for Stars.

3rd period


0:01 of 3rd period - Tyler Toffoli wins face-off versus Elias Pettersson in neutral zone.
0:12 of 3rd period - Shot by Sidney Crosby.
0:12 of 3rd period - Shot Misses the Net.
0:26 of 3rd period - Shot by Sidney Crosby.
0:26 of 3rd period - Goal by Sidney Crosby - Islanders : 2 - Stars : 3.
0:27 of 3rd period - Anthony Cirelli wins face-off versus William Karlsson in neutral zone.
0:29 of 3rd period - Off-side.
0:30 of 3rd period - William Karlsson wins face-off versus Anthony Cirelli in neutral zone.
0:32 of 3rd period - John Klingberg is hit by Anthony DeAngelo and loses puck.
1:31 of 3rd period - Shot by Sidney Crosby.
1:31 of 3rd period - Shot Misses the Net.
1:34 of 3rd period - Icing by Neal Pionk.
1:35 of 3rd period - Derick Brassard wins face-off versus Elias Pettersson in Islanders zone.
1:50 of 3rd period - Shot by Josh Leivo.
1:50 of 3rd period - Stopped by Mikko Koskinen without a rebound.
1:51 of 3rd period - Colton Sceviour wins face-off versus Sidney Crosby in Islanders zone.
1:51 of 3rd period - Colton Sceviour is hit by Nazem Kadri.
2:27 of 3rd period - Icing by Dennis Cholowski.
2:28 of 3rd period - William Karlsson wins face-off versus Colton Sceviour in Islanders zone.
2:59 of 3rd period - Shot by Mattias Ekholm.
2:59 of 3rd period - Shot Misses the Net.
3:09 of 3rd period - Icing by Mattias Ekholm.
3:10 of 3rd period - Elias Pettersson wins face-off versus William Karlsson in Stars zone.
3:10 of 3rd period - Brad Marchand is hit by John Klingberg and loses puck.
3:37 of 3rd period - Shot by Joe Pavelski.
3:37 of 3rd period - Stopped by Darcy Kuemper with a rebound.
3:39 of 3rd period - Shot by Brad Marchand.
3:39 of 3rd period - Shot Misses the Net.
3:41 of 3rd period - Shot by Elias Pettersson.
3:41 of 3rd period - Shot Misses the Net.
4:26 of 3rd period - Shot by Anthony Cirelli.
4:26 of 3rd period - Shot Blocked by Darnell Nurse.
5:22 of 3rd period - Shot by Derick Brassard.
5:22 of 3rd period - Stopped by Mikko Koskinen with a rebound.
5:24 of 3rd period - Shot by James van Riemsdyk.
5:24 of 3rd period - Stopped by Mikko Koskinen with a rebound.
5:35 of 3rd period - Icing by Neal Pionk.
5:36 of 3rd period - Sam Steel wins face-off versus Zach Aston-Reese in Islanders zone.
5:51 of 3rd period - Shot by Teddy Blueger.
5:51 of 3rd period - Stopped by Mikko Koskinen without a rebound.
5:52 of 3rd period - Elias Pettersson wins face-off versus Derick Brassard in Islanders zone.
6:22 of 3rd period - Icing by Dennis Cholowski.
6:23 of 3rd period - Teddy Blueger wins face-off versus Elias Pettersson in Islanders zone.
6:30 of 3rd period - Shot by Ilya Mikheyev.
6:30 of 3rd period - Stopped by Mikko Koskinen without a rebound.
6:31 of 3rd period - Anthony Cirelli wins face-off versus Sidney Crosby in Islanders zone.
6:38 of 3rd period - Shot by Timo Meier.
6:38 of 3rd period - Stopped by Darcy Kuemper without a rebound.
6:39 of 3rd period - Anthony Cirelli wins face-off versus Sidney Crosby in Stars zone.
8:02 of 3rd period - Shot by William Karlsson.
8:02 of 3rd period - Deflect By Jon Marchessault.
8:02 of 3rd period - Stopped by Mikko Koskinen without a rebound.
8:03 of 3rd period - Derick Brassard wins face-off versus Colton Sceviour in Islanders zone.
8:03 of 3rd period - Derick Brassard is hit by Travis Dermott.
9:22 of 3rd period - Nick Holden is hit by Jon Marchessault and loses puck.
10:03 of 3rd period - Teddy Blueger is hit by Andrei Svechnikov and loses puck.
10:15 of 3rd period - Off-side.
10:16 of 3rd period - Sidney Crosby wins face-off versus Elias Pettersson in neutral zone.
11:15 of 3rd period - Shot by Derick Brassard.
11:15 of 3rd period - Deflect By Josh Leivo.
11:15 of 3rd period - Shot Blocked by Tyler Myers.
11:17 of 3rd period - Shot by Josh Leivo.
11:17 of 3rd period - Deflect By James van Riemsdyk.
11:17 of 3rd period - Shot Blocked by Neal Pionk.
11:19 of 3rd period - Shot by Josh Leivo.
11:19 of 3rd period - Deflect By James van Riemsdyk.
11:19 of 3rd period - Shot Misses the Net.
11:37 of 3rd period - Shot by Derick Brassard.
11:37 of 3rd period - Shot Misses the Net.
11:39 of 3rd period - Shot by Mattias Ekholm.
11:39 of 3rd period - Shot Misses the Net.
11:41 of 3rd period - Shot by James van Riemsdyk.
11:41 of 3rd period - Stopped by Mikko Koskinen without a rebound.
11:42 of 3rd period - Sam Steel wins face-off versus Evgenii Dadonov in Islanders zone.
11:42 of 3rd period - Brock McGinn is hit by William Karlsson and loses puck.
12:05 of 3rd period - Shot by Nikita Gusev.
12:05 of 3rd period - Stopped by Darcy Kuemper without a rebound.
12:06 of 3rd period - Anthony Cirelli wins face-off versus Zach Aston-Reese in Stars zone.
12:21 of 3rd period - Shot by Andrei Svechnikov.
12:21 of 3rd period - Stopped by Darcy Kuemper without a rebound.
12:22 of 3rd period - Sidney Crosby wins face-off versus Colton Sceviour in Stars zone.
12:26 of 3rd period - Tyler Toffoli is hit by Richard Panik and loses puck.
12:39 of 3rd period - Shot by Richard Panik.
12:39 of 3rd period - Goal by Richard Panik - Islanders : 3 - Stars : 3.
12:40 of 3rd period - Anthony Cirelli wins face-off versus William Karlsson in neutral zone.
12:43 of 3rd period - William Karlsson is hit by Andrei Svechnikov and loses puck.
13:02 of 3rd period - Shot by Evgenii Dadonov.
13:02 of 3rd period - Shot Blocked by Anthony DeAngelo.
13:04 of 3rd period - Shot by Mattias Ekholm.
13:04 of 3rd period - Stopped by Mikko Koskinen without a rebound.
13:05 of 3rd period - Sidney Crosby wins face-off versus Colton Sceviour in Islanders zone.
13:11 of 3rd period - Shot by Tyler Toffoli.
13:11 of 3rd period - Shot Blocked by Tyler Myers.
13:13 of 3rd period - Shot by Tyler Toffoli.
13:13 of 3rd period - Stopped by Mikko Koskinen without a rebound.
13:14 of 3rd period - Sidney Crosby wins face-off versus Elias Pettersson in Islanders zone.
13:19 of 3rd period - Shot by Nazem Kadri.
13:19 of 3rd period - Stopped by Mikko Koskinen without a rebound.
13:20 of 3rd period - Tyler Toffoli wins face-off versus Elias Pettersson in Islanders zone.
13:21 of 3rd period - Shot by Darnell Nurse.
13:21 of 3rd period - Shot Misses the Net.
13:23 of 3rd period - Shot by Tyler Toffoli.
13:23 of 3rd period - Stopped by Mikko Koskinen without a rebound.
13:24 of 3rd period - Sidney Crosby wins face-off versus Elias Pettersson in Islanders zone.
13:24 of 3rd period - Tyler Toffoli is hit by Tyler Myers and loses puck.
13:41 of 3rd period - Shot by Elias Pettersson.
13:41 of 3rd period - Shot Blocked by Darnell Nurse.
13:43 of 3rd period - Shot by Neal Pionk.
13:43 of 3rd period - Stopped by Darcy Kuemper without a rebound.
13:44 of 3rd period - William Karlsson wins face-off versus Anthony Cirelli in Stars zone.
13:53 of 3rd period - Shot by Timo Meier.
13:53 of 3rd period - Stopped by Darcy Kuemper with a rebound.
13:55 of 3rd period - Shot by Timo Meier.
13:55 of 3rd period - Stopped by Darcy Kuemper without a rebound.
13:56 of 3rd period - Sidney Crosby wins face-off versus Elias Pettersson in Stars zone.
14:04 of 3rd period - Icing by Tyler Myers.
14:05 of 3rd period - Sidney Crosby wins face-off versus Elias Pettersson in Islanders zone.
14:08 of 3rd period - Shot by Sidney Crosby.
14:08 of 3rd period - Stopped by Mikko Koskinen without a rebound.
14:09 of 3rd period - Sidney Crosby wins face-off versus Elias Pettersson in Islanders zone.
14:45 of 3rd period - Tyler Myers is hit by Nazem Kadri and loses puck.
15:09 of 3rd period - Icing by John Klingberg.
15:10 of 3rd period - William Karlsson wins face-off versus Timo Meier in Stars zone.
15:51 of 3rd period - Icing by Nick Holden.
15:52 of 3rd period - Derick Brassard wins face-off versus Timo Meier in Islanders zone.
15:52 of 3rd period - Josh Leivo is hit by Anthony DeAngelo and loses puck.
16:04 of 3rd period - Off-side.
16:05 of 3rd period - Sidney Crosby wins face-off versus Colton Sceviour in neutral zone.
16:10 of 3rd period - Shot by Sami Vatanen.
16:10 of 3rd period - Shot Blocked by Colton Sceviour.
16:27 of 3rd period - Shot by Nazem Kadri.
16:27 of 3rd period - Shot Hit the Post.
16:29 of 3rd period - Shot by Sami Vatanen.
16:29 of 3rd period - Shot Misses the Net.
17:23 of 3rd period - Shot by Derick Brassard.
17:23 of 3rd period - Shot Misses the Net.
17:25 of 3rd period - Shot by Duncan Keith.
17:25 of 3rd period - Stopped by Mikko Koskinen without a rebound.
17:26 of 3rd period - William Karlsson wins face-off versus Elias Pettersson in Islanders zone.
17:53 of 3rd period - Shot by Elias Pettersson.
17:53 of 3rd period - Shot Blocked by John Klingberg.
17:55 of 3rd period - Shot by Elias Pettersson.
17:55 of 3rd period - Shot Blocked by John Klingberg.
18:28 of 3rd period - Icing by Neal Pionk.
18:29 of 3rd period - Sidney Crosby wins face-off versus Elias Pettersson in Islanders zone.
18:57 of 3rd period - Shot by Sidney Crosby.
18:57 of 3rd period - Shot Blocked by Nick Holden.
18:59 of 3rd period - Shot by Tyler Toffoli.
18:59 of 3rd period - Stopped by Mikko Koskinen without a rebound.
19:00 of 3rd period - Sam Steel wins face-off versus Josh Leivo in Islanders zone.
19:23 of 3rd period - Shot by Derick Brassard.
19:23 of 3rd period - Stopped by Mikko Koskinen without a rebound.
19:24 of 3rd period - William Karlsson wins face-off versus Andrei Svechnikov in Islanders zone.
19:25 of 3rd period - Shot by Evgenii Dadonov.
19:25 of 3rd period - Stopped by Mikko Koskinen without a rebound.
19:26 of 3rd period - Sidney Crosby wins face-off versus Anthony Cirelli in Islanders zone.
Goals for this period are 1 for Islanders vs 1 for Stars.
Shots for this period are 8 for Islanders vs 17 for Stars.

Overtime #1


0:01 of 1st overtime period - Nazem Kadri wins face-off versus Elias Pettersson in neutral zone.
1:16 of 1st overtime period - Shot by Joe Pavelski.
1:16 of 1st overtime period - Shot Misses the Net.
1:18 of 1st overtime period - Shot by Anthony Cirelli.
1:18 of 1st overtime period - Stopped by Darcy Kuemper without a rebound.
1:19 of 1st overtime period - William Karlsson wins face-off versus Timo Meier in Stars zone.
2:02 of 1st overtime period - Shot by Sidney Crosby.
2:02 of 1st overtime period - Shot Misses the Net.
2:18 of 1st overtime period - Shot by Sidney Crosby.
2:18 of 1st overtime period - Deflect By Derick Brassard.
2:18 of 1st overtime period - Shot Misses the Net.
3:01 of 1st overtime period - Shot by Elias Pettersson.
3:01 of 1st overtime period - Stopped by Darcy Kuemper with a rebound.
3:07 of 1st overtime period - Shot by Elias Pettersson.
3:07 of 1st overtime period - Shot Blocked by Duncan Keith.
3:09 of 1st overtime period - Shot by Elias Pettersson.
3:09 of 1st overtime period - Stopped by Darcy Kuemper without a rebound.
3:10 of 1st overtime period - William Karlsson wins face-off versus Joe Pavelski in Stars zone.
3:49 of 1st overtime period - Shot by Anthony Cirelli.
3:49 of 1st overtime period - Shot Misses the Net.
3:56 of 1st overtime period - Icing by Darnell Nurse.
3:57 of 1st overtime period - William Karlsson wins face-off versus Elias Pettersson in Stars zone.
4:34 of 1st overtime period - Shot by Brad Marchand.
4:34 of 1st overtime period - Shot Misses the Net.
4:36 of 1st overtime period - Shot by Brad Marchand.
4:36 of 1st overtime period - Shot Misses the Net.
4:38 of 1st overtime period - Shot by Brad Marchand.
4:38 of 1st overtime period - Shot Misses the Net.
Goals for this period are 0 for Islanders vs 0 for Stars.
Shots for this period are 3 for Islanders vs 0 for Stars.

ShootOut


5:00 of 1st overtime period - Round #1.
5:00 of 1st overtime period - Islanders, Brad Marchand.
5:00 of 1st overtime period - Stopped by Darcy Kuemper.
5:00 of 1st overtime period - Stars, Sidney Crosby.
5:00 of 1st overtime period - Stopped by Mikko Koskinen.
5:00 of 1st overtime period - Round #2.
5:00 of 1st overtime period - Islanders, Elias Pettersson.
5:00 of 1st overtime period - Shot Misses the Net.
5:00 of 1st overtime period - Stars, Teddy Blueger.
5:00 of 1st overtime period - Stopped by Mikko Koskinen.
5:00 of 1st overtime period - Round #3.
5:00 of 1st overtime period - Islanders, Anthony Cirelli.
5:00 of 1st overtime period - Stopped by Darcy Kuemper.
5:00 of 1st overtime period - Stars, William Karlsson.
5:00 of 1st overtime period - Stopped by Mikko Koskinen.
5:00 of 1st overtime period - Round #4.
5:00 of 1st overtime period - Islanders, Joe Pavelski.
5:00 of 1st overtime period - Stopped by Darcy Kuemper.
5:00 of 1st overtime period - Stars, Darnell Nurse.
5:00 of 1st overtime period - Shot Misses the Net.
5:00 of 1st overtime period - Round #5.
5:00 of 1st overtime period - Islanders, Andrei Svechnikov.
5:00 of 1st overtime period - Goal by Andrei Svechnikov.
5:00 of 1st overtime period - Stars, Sami Vatanen.
5:00 of 1st overtime period - Shot Misses the Net.